 Dungeon Crawl Stone Soup version 0.32-a0-128-g77eb882913 (webtiles) character file.

Game seed: 15186068218326501912

760 Newt the Trooper (level 7, 0/59 HPs)
             Began as a Barachi Fighter on Feb 7, 2024.
             Was an Initiate of the Shining One.
             Incinerated by a bombardier beetle (6 damage)
             ... with a burning spray
             ... on level 5 of the Dungeon.
             The game lasted 00:04:24 (5001 turns).

Newt the Trooper (Barachi Fighter)                  Turns: 5001, Time: 00:04:24

Health: 0/59       AC:  7    Str: 19    XL:     7   Next: 80%
Magic:  7/7        EV: 10    Int:  8    God:    the Shining One [......]
Gold:   154        SH:  4    Dex: 12    Spells: 6/6 levels left

rFire   . . .        a - +0 long sword
rCold   + . .        c - +0 buckler
rNeg    . . .        w - +1 ring mail {rC+}
rPois   .            (no helmet)
rElec   .            (no cloak)
rCorr   .            (no gloves)
SInv    .            (no boots)
Will    .....        (no amulet)
Stlth   +            (no ring)
HPRegen 0.29/turn    (no ring)
MPRegen 0.10/turn

%: no passive effects
@: on fire, glowing, slow
A: amphibious, slowness 1, strong legs 1, +LOS
a: Hop, Renounce Religion


You were on level 5 of the Dungeon.
You worshipped the Shining One.
The Shining One was noncommittal.
You visited 1 branch of the dungeon, and saw 5 of its levels.

You collected 204 gold pieces.
You spent 50 gold pieces at shops.

Inventory:

Hand Weapons
 a - a +0 long sword (weapon)
Missiles
 j - 12 poisoned darts (quivered)
 q - 4 boomerangs
 r - 3 curare-tipped darts
 v - 4 silver javelins
Armour
 b - a +0 scale mail
 c - a +0 buckler (worn)
 w - a +1 ring mail of cold resistance (worn)
Scrolls
 g - 2 scrolls of immolation
 i - a scroll of poison
 k - a scroll of butterflies
 l - a scroll of fear
 n - 2 scrolls of blinking
 p - 2 scrolls of teleportation
 u - 2 scrolls of enchant armour
 x - a scroll of vulnerability {unknown}
Potions
 d - a potion of might
 e - 3 potions of curing
 f - a potion of lignification {unknown}
 h - 2 potions of enlightenment {unknown}
 m - a potion of resistance {unknown}
 o - a potion of attraction
 s - a potion of haste {unknown}
 t - 2 potions of degeneration {unknown}


   Skills:
 + Level 6.9 Fighting
 - Level 6.3 Long Blades
 - Level 3.0 Throwing
 * Level 5.4 Armour
 - Level 3.2 Shields


You had 6 spell levels left.
You didn't know any spells.
Your spell library contained the following spells:

 Spells                   Type           Power      Damage    Failure   Level
 Manifold Assault         Tloc           0%         N/A       100%        4
 Dispersal                Tloc           0%         N/A       100%        6
 Disjunction              Tloc           0%         N/A       100%        8


Dungeon Overview and Level Annotations

Branches:
Dungeon (5/15)
 Temple: D:4-7

Altars:
Makhleb
Nemelex Xobeh
Qazlal
Vehumet
The Shining One

Shops:
D:2 *


Innate Abilities, Weirdness & Mutations

You are amphibious.
You cover ground slowly.
You can hop short distances.
You have an extended range of vision and can be seen from far away.


Message History

* * * LOW HITPOINT WARNING * * *
Unknown command.
You shake off the liquid fire.
Unknown command.
You feel better.
The bombardier beetle sprays incendiary fluid at you.
The burning spray hits you.
You are covered in liquid fire!
You shake off some of the fire as you move.
The liquid fire burns you!
* * * LOW HITPOINT WARNING * * *
You see here a +0 flail.
You shake off the liquid fire.
Throw: 14 darts (poison)
Press: ? - help, Q - select action, (/) - cycle Shift-Dir - straight line, f - bombardier beetle
Aim: a bombardier beetle (lightly wounded, 70% to hit)
You throw a poisoned dart.
The poisoned dart hits the bombardier beetle!
The bombardier beetle is poisoned.
The bombardier beetle is lightly wounded.
Throw: 13 darts (poison)
Press: ? - help, Q - select action, (/) - cycle Shift-Dir - straight line, f/p - bombardier beetle
Aim: a bombardier beetle (moderately wounded, very poisoned, 70% to hit)
You throw a poisoned dart.
The poisoned dart hits the bombardier beetle.
The bombardier beetle looks even sicker.
The bombardier beetle is moderately wounded.
You closely miss the bombardier beetle.
The bombardier beetle is moderately wounded.
The bombardier beetle sprays incendiary fluid at you.
The burning spray hits you.
You are covered in liquid fire!
Unknown command.
You shake off some of the fire as you move.
The liquid fire burns you!
* * * LOW HITPOINT WARNING * * *
Unknown command.
You shake off some of the fire as you move.
The liquid fire burns you!
You die...

............# #.#
............## #.#
.............###<# #
..............##.. ...
...........##†# ......
..........###.###...#.
...........##(........
...##.......(........#
##...@.B)..#.###.#
#....####.......
#...## ######. #...#
.....? ......#. ...#..
. ....... .# .......
.#


You could see a bombardier beetle (very poisoned).

Vanquished Creatures
  Sigmund (D:3)
  A kobold brigand (D:4)
  A bullfrog (D:4)
  2 scorpions
  A howler monkey (D:3)
  A bombardier beetle (D:4)
  2 hounds (D:4)
  An iguana (D:4)
  9 adders
  A ribbon worm (D:2)
  2 dart slugs (D:1)
  6 orcs
  3 bats
  7 endoplasms
  5 giant cockroaches
  13 goblins
  6 hobgoblins
  4 jackals (D:2)
  2 quokkas
  12 ball pythons
  5 frilled lizards
  10 kobolds
  4 rats
99 creatures vanquished.

Notes
Turn   | Place    | Note
-------+----------+-------------------------------------------
     0 | D:1      | Newt the Barachi Fighter began the quest for the Orb.
     0 | D:1      | Reached XP level 1. HP: 18/18 MP: 1/1
   324 | D:1      | Reached XP level 2. HP: 25/25 MP: 2/2
  1143 | D:1      | Reached XP level 3. HP: 30/30 MP: 3/3
  1529 | D:2      | Reached XP level 4. HP: 26/38 MP: 4/4
  1940 | D:2      | Found Xudwekov's General Store.
  1951 | D:2      | Bought a potion of attraction for 30 gold pieces
  1951 | D:2      | Bought a scroll of identify for 20 gold pieces
  2482 | D:3      | Noticed Sigmund
  3035 | D:3      | Killed Sigmund
  3036 | D:3      | Reached skill level 5 in Fighting
  3036 | D:3      | Reached XP level 5. HP: 18/44 MP: 5/5
  3036 | D:3      | Reached XP level 6. HP: 21/51 MP: 6/6
  3213 | D:3      | Found a faded altar of an unknown god.
  3364 | D:3      | Reached skill level 1 in Throwing
  3555 | D:3      | Found a glowing golden altar of the Shining One.
  3556 | D:3      | Found a burning altar of Makhleb.
  3659 | D:3      | Became a worshipper of the Shining One
  3893 | D:4      | Found a radiant altar of Vehumet.
  3915 | D:4      | Found a sparkling altar of Nemelex Xobeh.
  3934 | D:4      | Reached XP level 7. HP: 45/58 MP: 7/7
  4265 | D:4      | Found a stormy altar of Qazlal.
  4928 | D:5      | Entered Level 5 of the Dungeon
  4936 | D:5      | Reached skill level 5 in Armour
  5001 | D:5      | Incinerated by a bombardier beetle

Illustrated notes

Levels and vault maps discovered:
D:1:      dpeg_arrival_long_road, layout_basic, serial_forest,
          infiniplex_forest_straight_2, infiniplex_forest_clump_cross,
          infiniplex_forest_zigzag_2, infiniplex_forest_zigzag_1,
          infiniplex_forest_side_room, infiniplex_forest_diagonal,
          infiniplex_forest_end_2, serial_park_tiny_1
D:2:      layout_basic, serial_shops, shop_statue
D:3:      layout_rooms, mainiacjoe_overflow_divided_tiny, serial_glass,
          glass_columns_a, glass_columns_a, chequers_ecumenical_altar_island,
          corexii_leaking_fountain, reono_crystal_passage, uniq_sigmund
D:4:      layout_loops_cross, nicolae_qazlal_general_emergency,
          jmf_multi_god_temple2, amcnicky_mini_rare_corridor_liquid,
          corexii_checkpoint, minmay_distorted
D:5:      layout_rooms, lemuel_crystal_altar

Skill      XL: |  1  2  3  4  5  6  7 |
---------------+----------------------+-----
Long Blades    | 3 4 6 |  6.3
Fighting       | 4 5 6 |  6.9
Throwing       | 3 |  3.0
Armour         | 5 |  5.4
Shields        | |  3.2

Action                     |  1- 3 |  4- 6 |  7- 9 || total
---------------------------+-------+-------+-------++-------
  Melee: Long sword        |    97 |   166 |    87 ||   350
  Throw: Dart              |       |     1 |     2 ||     3
    Use: Scroll            |     5 |     1 |     2 ||     8
         Potion            |       |       |     1 ||     1
 Armour: Scale mail        |    71 |   137 |     8 ||   216
         Ring mail         |       |       |    45 ||    45
  Dodge: Dodged            |    43 |    80 |    38 ||   161
  Block: Buckler           |    15 |    43 |    27 ||    85

Table legend: (Time is in decaauts)
 A = Elapsed time spent in this place.
 B = Non-inter-level travel time spent in this place.
 C = Inter-level travel time spent in this place.
 D = Time resting spent in this place.
 E = Time spent auto-exploring this place.
 F = Levels seen in this place.
 G = Mean time per level.
                   A        B        C        D        E       F      G
               +--------+--------+--------+--------+--------+-----+--------+
         Total |   5701 |   5421 |    280 |    845 |   3734 |   5 | 1140.2 |
       Dungeon |   5701 |   5421 |    280 |    845 |   3734 |   5 | 1140.2 |
               +--------+--------+--------+--------+--------+-----+--------+

Top non-repeatable levels by time:
     D:2: 1838 daAuts
     D:1: 1589 daAuts
     D:4: 1421 daAuts
     D:3: 768 daAuts
     D:5: 84 daAuts
